 Dungeon Crawl Stone Soup version 0.29.1-15-g9cfb28693d (webtiles) character file.

Game seed: 13436050553057627987

5681 Peloso the Carver (level 10, 0/88 HPs)
             Began as a Minotaur Fighter on Feb 24, 2023.
             Slain by Harold
             ... wielding a +0 battleaxe
              (16 damage)
             ... on level 9 of the Dungeon.
             The game lasted 00:19:16 (11303 turns).

Peloso the Carver (Minotaur Fighter)               Turns: 11303, Time: 00:19:16

Health: 0/88       AC: 15    Str: 23    XL:     10   Next: 47%
Magic:  9/9        EV:  9    Int:  5    God:
Gold:   508        SH:  6    Dex: 12    Spells: 9/9 levels left

rFire   + . .      SeeInvis .   a - +0 long sword
rCold   . . .      Faith    .   c - +0 buckler
rNeg    . . .      Spirit   .   k - +0 chain mail
rPois   .          Reflect  .   (helmet restricted)
rElec   .          Harm     .   (no cloak)
rCorr   .          Rampage  .   (no gloves)
Will    .....                   (no boots)
Stlth   ..........              (no amulet)
HPRegen 0.24/turn               q - +4 ring of protection
MPRegen 0.11/turn               u - ring of protection from fire

@: mighty, marked
A: horns 2, retaliatory headbutt
a: no special abilities


You were on level 9 of the Dungeon.
You visited 2 branches of the dungeon, and saw 10 of its levels.

You collected 508 gold pieces.

Inventory:

Hand Weapons
 a - a +0 long sword (weapon)
 b - a +2 dagger of flaming
Armour
 c - a +0 buckler (worn)
 k - a +0 chain mail (worn)
Jewellery
 l - a ring of fire
 q - a +4 ring of protection (left hand)
 u - a ring of protection from fire (right hand)
 w - an amulet of the acrobat
Wands
 f - a wand of iceblast (7)
 y - a wand of polymorph (7)
Scrolls
 g - a scroll of magic mapping
 h - 4 scrolls of fog {unknown}
 i - 7 scrolls of teleportation {unknown}
 j - a scroll of blinking {unknown}
 o - a scroll of summoning {unknown}
 r - 2 scrolls of fear {unknown}
 s - 2 scrolls of enchant weapon {unknown}
 t - 2 scrolls of poison {unknown}
 C - a scroll of identify
 D - a scroll of acquirement {unknown}
Potions
 e - 8 potions of curing
 m - 3 potions of flight
 n - a potion of haste
 p - 2 potions of resistance
 v - 2 potions of cancellation
 x - a potion of lignification {unknown}
 z - a potion of mutation {unknown}
 A - 2 potions of heal wounds {unknown}
 B - a potion of attraction {unknown}


   Skills:
 + Level 8.1 Fighting
 + Level 12.1 Long Blades
 + Level 9.7 Armour
 + Level 4.5 Dodging
 + Level 1.1 Stealth
 + Level 7.6 Shields
 + Level 0.9 Unarmed Combat
 + Level 0.4 Evocations


You had 9 spell levels left.
You didn't know any spells.
Your spell library contained the following spells:

 Spells                   Type           Power      Damage    Failure   Level
 Ignite Poison            Fire/Tmut/Pois 0%         N/A       100%        3
 Mephitic Cloud           Conj/Pois/Air  0%         N/A       100%        3
 Freezing Cloud           Conj/Ice/Air   0%         6-21      100%        5
 Summon Mana Viper        Hex/Summ       0%         N/A       100%        5
 Fire Storm               Conj/Fire      0%         5d1       100%        9


Dungeon Overview and Level Annotations

Branches:
Dungeon (9/15)             Temple (1/1) D:4             Orc (0/2) D:9
   Lair: D:8-11

Altars:
Cheibriados
Elyvilon
Fedhas
Gozag
Qazlal
Ru
Sif Muna
Trog
Vehumet
Wu Jian
Xom
Yredelemnul
Zin

Annotations:
D:9 Harold


Innate Abilities, Weirdness & Mutations

You have a pair of horns on your head.
You reflexively headbutt those who attack you in melee.


Message History

You feel very sick.
You feel very sick. The ogre hits you but does no damage.
You see here a +2 dagger of venom.
Unknown command.
You feel very mighty all of a sudden.
You feel sick.
A yak comes into view.
The ogre hits you with a +0 giant club!
* * * LOW HITPOINT WARNING * * *
You feel better.
The yak bellows!
You feel better. The ogre barely misses you.
You slash the ogre! You headbutt the ogre!
The ogre is almost dead.
Harold asks, "Do you mind if I name my boat the 'Peloso'?
Your head will be paying for it, after all."
You slash the ogre!
You kill the ogre!
You barely miss Harold.
Harold is lightly wounded.
You slash Harold! You headbutt Harold!!
Harold is heavily wounded.
The gnoll sergeant hits you from afar with a +2 vorpal trident!
* * * LOW HITPOINT WARNING * * *
x2 Harold hits you with a +0 battleaxe.
* * * LOW HITPOINT WARNING * * *
You barely miss Harold. You headbutt Harold.
Harold is heavily wounded.
Harold casts a spell at you. A sentinel's mark forms upon you.
The gnoll sergeant hits you but does no damage.
You closely miss Harold.
Harold is heavily wounded.
The gnoll sergeant barely misses you. Harold barely misses you.
You closely miss Harold.
Harold is heavily wounded.
The gnoll sergeant hits you from afar with a +2 vorpal trident.
* * * LOW HITPOINT WARNING * * *
x2 Harold hits you with a +0 battleaxe!
You die...

..# #.###########.#.###.#.#
### #.#(###.#.###
#..#........#
#.#.###.#.#.## #.#.#
#.#....## ##.#.###...>#..#
#..............#
#.###########.......#.#.#.#
.....YYYYKg@@(#.#####.#.#.#
#########o###.#.#####.#.#.#
8..g8#.........#...#
#oOgKo###.#######.###
#googg###.# #.# #gOoo.#...#
#.. #8.o.8##### #######


You could see Harold, 4 yaks, an orc warrior, a kobold brigand and a gnoll
sergeant.

Vanquished Creatures
  A kobold demonologist (D:6)
  Prince Ribbit (D:6)
  3 yaks (D:7)
  A wraith (D:9)
  A steam dragon (D:7)
  A warg (D:7)
  2 water moccasins
  2 orc warriors (D:7)
  2 sky beasts
  2 black bears (D:8)
  3 ice beasts
  5 ogres
  A centaur (D:7)
  2 phantoms
  8 kobold brigands
  3 bullfrogs
  2 gnoll sergeants (D:7)
  2 scorpions
  3 wights (D:7)
  7 howler monkeys
  8 hounds
  11 orc priests (D:7)
  3 gnoll boudas (D:7)
  Crazy Yiuf (D:5)
  2 jellies
  4 iguanas
  12 orc wizards
  6 gnolls
  7 adders
  An ufetubus (D:5)
  3 worms
  2 dart slugs
  23 orcs
  5 ball pythons
  5 bats
  3 endoplasms
  A giant cockroach (D:2)
  10 hobgoblins
  4 jackals (D:3)
  2 quokkas
  2 frilled lizards (D:2)
  5 goblins
  28 kobolds
  5 rats
205 creatures vanquished.

Vanquished Creatures (others)
  38 plants
38 creatures vanquished.

Grand Total: 243 creatures vanquished

Notes
Turn   | Place    | Note
-------+----------+-------------------------------------------
     0 | D:1      | Peloso the Minotaur Fighter began the quest for the Orb.
     0 | D:1      | Reached XP level 1. HP: 19/19 MP: 0/0
   144 | D:1      | Reached XP level 2. HP: 27/27 MP: 1/1
   238 | D:1      | Found a faded altar of an unknown god.
   634 | D:2      | Reached XP level 3. HP: 22/34 MP: 2/2
   786 | D:2      | Found a shimmering altar of Xom.
  1338 | D:2      | Reached skill level 3 in Long Blades
  1682 | D:3      | Reached XP level 4. HP: 35/41 MP: 3/3
  2785 | D:4      | Reached skill level 4 in Long Blades
  2785 | D:4      | Reached skill level 5 in Armour
  2785 | D:4      | Reached XP level 5. HP: 46/47 MP: 4/4
  2854 | D:4      | Reached skill level 1 in Dodging
  2918 | D:4      | Found a staircase to the Ecumenical Temple.
  2928 | D:4      | Noticed an ogre
  2938 | D:4      | Killed an ogre
  2939 | D:4      | Reached XP level 6. HP: 55/55 MP: 5/5
  2961 | Temple   | Entered the Ecumenical Temple
  3345 | D:4      | Noticed an ice beast
  3354 | D:4      | Killed an ice beast
  3355 | D:4      | Reached skill level 5 in Long Blades
  3645 | D:4      | Reached skill level 5 in Fighting
  3757 | D:5      | Entered Level 5 of the Dungeon
  3795 | D:5      | Reached XP level 7. HP: 61/61 MP: 6/6
  3795 | D:5      | Found a glowing silver altar of Zin.
  3880 | D:5      | Reached skill level 6 in Long Blades
  3950 | D:5      | Found a snail-covered altar of Cheibriados.
  4072 | D:5      | Found a runed translucent door.
  4073 | D:5      | Noticed Crazy Yiuf
  4368 | D:5      | Killed Crazy Yiuf
  4695 | D:6      | Reached skill level 7 in Long Blades
  4796 | D:6      | Reached skill level 1 in Stealth
  4796 | D:6      | Reached skill level 5 in Shields
  4922 | D:6      | Reached XP level 8. HP: 58/69 MP: 7/7
  5206 | D:6      | Noticed Prince Ribbit
  5228 | D:6      | Killed Prince Ribbit
  5229 | D:6      | Reached skill level 8 in Long Blades
  6250 | D:7      | Reached skill level 9 in Long Blades
  6892 | D:7      | Reached XP level 9. HP: 58/75 MP: 8/8
  7182 | D:7      | Reached skill level 10 in Long Blades
  7183 | D:7      | Noticed a kobold demonologist
  7585 | D:6      | Noticed a rust devil
  7587 | D:6      | Killed a kobold demonologist
  8314 | D:7      | Reached skill level 11 in Long Blades
  8897 | D:7      | Found a shimmering altar of Xom.
  8903 | D:7      | Found a sacrificial altar of Ru.
  8964 | D:7      | Reached XP level 10. HP: 84/86 MP: 9/9
  9708 | D:7      | Got the Omnibus of Blistering Beguiling
  9911 | D:8      | Reached skill level 12 in Long Blades
  9929 | D:8      | Noticed a boulder beetle
 11280 | D:9      | Noticed Harold
 11282 | D:9      | Found a staircase to the Orcish Mines.
 11303 | D:9      | Slain by Harold

Illustrated notes

Levels and vault maps discovered:
D:1:      onia_arrival_mini_maze_b, layout_basic,
          hellmonk_ecumenical_altar_inner_sanctum
D:2:      layout_loops_ring, basic_altar
D:3:      layout_loops_corners, serial_bayou_ford_a, minivault_4,
          minmay_misc_feat_doors, serial_bayou_lagoon_a
D:4:      layout_basic, minmay_temple_entry_mist
D:5:      layout_rooms, mainiacjoe_overflow_boulevard, old_standard_altar,
          uniq_crazy_yiuf_cottage
D:6:      layout_basic, minmay_misc_feat_encased, minmay_crystal_room,
          uniq_prince_ribbit1
D:7:      lemuel_castle_with_subvaults [lemuel_castle_interior_carwin_3],
          layout_basic, mainiacjoe_overflow_catwalk, nicolae_ru_awakened_eye,
          minmay_between
D:8:      layout_loops_cross, makhleb_grotto_becter, nzn_random_ring
D:9:      layout_loops_ring, grunt_temple_overflow_cloverleaf,
          kiku_gazebo_pond_becter, kennysheep_orc_monster_closet_entryway,
          kennysheep_small_circle, uniq_harold
Temple:   grunt_temple_mini_profane

Skill      XL: |  1  2  3  4  5  6  7  8  9 10 |
---------------+-------------------------------+-----
Fighting       | 4 5 6 7 8 |  8.1
Armour         | 4 5 6 7 9 |  9.7
Shields        | 4 5 6 7 |  7.6
Long Blades    | 3 4 5 7 9 11 12 | 12.1
Dodging        | 1 2 3 4 |  4.5
Stealth        | 1 |  1.1
Unarmed Combat | |  0.9
Evocations     | |  0.4

Action                   |  1- 3 |  4- 6 |  7- 9 | 10-12 || total
-------------------------+-------+-------+-------+-------++-------
Melee: Long sword        |    85 |    93 |   404 |   237 ||   819
       Headbutt          |    11 |    21 |    79 |    66 ||   177
       Unarmed           |       |       |    11 |       ||    11
Throw: Throwing net      |       |       |       |     1 ||     1
Evoke: Wand              |       |     2 |     3 |     1 ||     6
  Use: Scroll            |     2 |     2 |     2 |       ||     6
       Potion            |       |       |     1 |     4 ||     5
Armor: Scale mail        |    35 |    56 |     1 |       ||    92
       Chain mail        |       |       |   175 |   100 ||   275
       Skin              |       |       |     3 |       ||     3
Dodge: Dodged            |    51 |    37 |   172 |    69 ||   329
Block: Buckler           |    18 |    23 |   103 |    50 ||   194
